 Dungeon Crawl Stone Soup version 0.15-a0-2374-gaadabb3 (webtiles) character file.

1246 Ololoev the Carver (level 8, -6/57 HPs)
             Began as a Demonspawn Death Knight on Aug 1, 2014.
             Was a Priest of Yredelemnul.
             Killed by divine providence
             ... invoked by an orc priest
              (10 damage)
             ... on Level 6 of the Dungeon.
             The game lasted 00:22:42 (6903 turns).

Ololoev the Carver (Demonspawn Death Knight)        Turns: 6903, Time: 00:22:42

HP  -6/57        AC  7     Str 14      XL: 8   Next: 25%
MP  13/13        EV 14     Int 13      God: Yredelemnul [***...]
Gold 345         SH  0     Dex 19      Spells:  0 memorised,  7 levels left

rFire  . . .     SeeInvis +     a - +2 falchion
rCold  . . .     Clarity  .     l - +1 ring mail
rNeg   . . .     rCorr    .     (no shield)
rPois  .         rRot     .     (no helmet)
rElec  .         Spirit   .     (no cloak)
SustAb .         Warding  .     (no gloves)
rMut   .         Stasis   .     (no boots)
Gourm  .                        (no amulet)
MR     +....                    i - ring of protection from magic
                                e - ring of see invisible

@: agile, somewhat resistant to hostile enchantments, unstealthy
A: talons 1, rugged brown scales 1, powered by pain 2
a: Animate Dead, Recall Undead Slaves, Injury Mirror, Renounce Religion


You were on level 6 of the Dungeon.
You worshipped Yredelemnul.
Yredelemnul was most pleased with you.
You were not hungry.

You visited 1 branch of the dungeon, and saw 6 of its levels.

You collected 345 gold pieces.

Inventory:

Hand weapons
 a - a +2 falchion (weapon)
Armour
 l - a +1 ring mail (worn)
 q - a +0 cloak
Magical devices
 d - a wand of cold (1)
 j - a wand of cold (6)
 n - a wand of digging (5)
Comestibles
 c - 3 bread rations
 r - 3 slices of pizza
Scrolls
 b - a scroll of teleportation
 m - 5 scrolls of remove curse
 o - 2 scrolls of magic mapping
Jewellery
 e - a ring of see invisible (left hand)
 i - a ring of protection from magic (right hand)
 s - a +4 ring of dexterity
Potions
 f - a potion of might
 h - 2 potions of curing
 k - a potion of cure mutation


   Skills:
 - Level 2.0 Fighting
 * Level 8.6 Long Blades
 - Level 0.8 Armour
 - Level 0.8 Dodging
 - Level 3.6 Invocations
 - Level 4.0 Evocations


You had 7 spell levels left.
You didn't know any spells.

Dungeon Overview and Level Annotations

Branches:
Dungeon (6/15)
 Temple: D:4-7

Altars:
Ashenzari
Gozag
Trog
Xom


Innate Abilities, Weirdness & Mutations

You have sharp toenails.
You are partially covered in rugged brown scales (AC +1, +3% HP).
You sometimes gain power by taking damage.


Message History

You see here a robe.
The orc priest looks braver.
The orc priest cheers loudly.
All of the chunks of flesh in your inventory have rotted away.
The orc priest's eyes start to glow.
The orc priest's eyes start to glow.
The orc priest invokes the aid of Beogh against you.
Something smites you!
The orc priest mumbles some strange prayers to Beogh against you.
Something smites you!
* * * LOW HITPOINT WARNING * * *
The orc priest mumbles some strange prayers to Beogh against you.
Something smites you!
* * * LOW HITPOINT WARNING * * *
You focus on the pain.
You feel agile all of a sudden.
The orc priest mumbles some strange prayers to Beogh against you.
Something smites you!
You die...
Your body rises from the dead as a mindless zombie.

#.##.#o#.# #.#
#......o.# #.#
######.#.# #.#
#g#.# #.#
#######.#.#####.##
..................#
.#######.#.#####.##
...........# #.#
.#######@### #.#
#<.# #.# #..# #.#
#..# #.# #..# #.#
#..# . .... ....
#.###


You could see an orc priest, an orc and a goblin.

Vanquished Creatures
  Pikel (D:4)
  The ghost of Ololoev the Slasher, an average DsDK of Yredelemnul (D:3)
  2 slaves (D:4)
  Duvessa (D:4)
  A scorpion (D:5)
  2 orc wizards (D:3)
  A hound (D:4)
  3 worker ants
  Jessica (D:2)
  4 adders
  3 gnolls (D:3)
  A giant mite (D:2)
  2 shadow imps (D:5)
  2 worms
  6 giant geckos
  2 oozes
  9 orcs
  A bat zombie (D:5)
  6 giant cockroaches
  8 goblins
  8 hobgoblins
  4 jackals (D:2)
  9 kobolds
  3 quokkas
  2 ball pythons (D:1)
  A ball python skeleton (D:4)
  8 bats
  8 giant newts
  A goblin zombie (D:5)
  An orc skeleton (D:4)
  42 rats
144 creatures vanquished.

Vanquished Creatures (collateral kills)
  Dowan (D:4)
  A scorpion (D:5)
  A crimson imp (D:5)
  An iguana (D:4)
  A worker ant (D:5)
  2 goblins
  A hobgoblin (D:2)
  A giant newt (D:1)
  An orc skeleton (D:4)
10 creatures vanquished.

Vanquished Creatures (others)
  Sigmund (D:4)
  A wight (D:4)
  A gnoll zombie (D:3)
  A giant cockroach zombie (D:2)
  A giant mite zombie (D:2)
  2 goblin zombies (D:3)
  3 hobgoblin zombies
  3 jackal zombies (D:2)
  5 orc zombies (D:3)
  A quokka skeleton (D:4)
  A quokka zombie (D:3)
  A rat (D:4)
21 creatures vanquished.

Grand Total: 175 creatures vanquished

Notes
Turn   | Place    | Note
--------------------------------------------------------------
     0 | D:1      | Ololoev, the Demonspawn Death Knight, began the quest for the Orb.
     0 | D:1      | Reached XP level 1. HP: 16/16 MP: 2/2
   223 | D:1      | Gained mutation: You are partially covered in rugged brown scales (AC +1, +3% HP). [demonic ancestry]
   223 | D:1      | Reached XP level 2. HP: 14/22 MP: 4/4
  1211 | D:2      | Noticed Jessica
  1264 | D:2      | Killed Jessica
  1264 | D:2      | Reached XP level 3. HP: 9/27 MP: 5/5
  1433 | D:2      | Found a bloodstained altar of Trog.
  1460 | D:2      | Found a shattered altar of Ashenzari.
  1460 | D:2      | Found an opulent altar of Gozag.
  1516 | D:2      | Acquired Yredelemnul's second power
  1719 | D:2      | Reached skill level 4 in Long Blades
  1719 | D:2      | Gained mutation: You have sharp toenails. [demonic ancestry]
  1719 | D:2      | Reached XP level 4. HP: 33/33 MP: 7/7
  2464 | D:3      | Gained mutation: You sometimes gain a little power by taking damage. [demonic ancestry]
  2464 | D:3      | Reached XP level 5. HP: 13/39 MP: 8/8
  3009 | D:3      | Reached skill level 5 in Long Blades
  3425 | D:3      | Noticed Ololoev's ghost (average DsDK)
  3692 | D:3      | Killed Ololoev's ghost
  3692 | D:3      | Reached skill level 6 in Long Blades
  3692 | D:3      | Gained mutation: You sometimes gain power by taking damage. [demonic ancestry]
  3692 | D:3      | Reached XP level 6. HP: 18/45 MP: 10/10
  4198 | D:3      | Acquired Yredelemnul's third power
  4230 | D:3      | Received a gift from Yredelemnul
  4474 | D:4      | Noticed Duvessa
  4478 | D:4      | Noticed Dowan
  4487 | D:4      | Killed Duvessa
  4668 | D:4      | Killed Dowan
  4885 | D:4      | Noticed Sigmund
  5075 | D:4      | Reached XP level 7. HP: 47/51 MP: 11/11
  5093 | D:4      | Noticed Pikel
  5098 | D:4      | Killed Pikel
  5098 | D:4      | Reached skill level 8 in Long Blades
  5427 | D:4      | Reached XP level 8. HP: 57/57 MP: 13/13
  5603 | D:4      | Killed Sigmund
  6010 | D:5      | Entered Level 5 of the Dungeon
  6861 | D:6      | Found a shimmering altar of Xom.
  6903 | D:6      | Killed from afar by an orc priest

Action                   |  1- 3 |  4- 6 |  7- 9 || total
-------------------------+-------+-------+-------++-------
Melee: Falchion          |   126 |   221 |   124 ||   471
Invok: Animate Remains   |     7 |    12 |       ||    19
       Injury Mirror     |       |     1 |     2 ||     3
       Animate Dead      |       |     3 |     7 ||    10
Evoke: Wand              |       |     1 |     6 ||     7
  Use: Potion            |       |     2 |       ||     2
       Scroll            |       |    13 |     3 ||    16
 Stab: Invisible         |       |     1 |       ||     1
  Eat: Chunk             |     2 |     1 |     1 ||     4
       Meat ration       |       |     2 |     1 ||     3
       Pizza             |       |     1 |       ||     1
       Beef jerky        |       |       |     1 ||     1
